 Dungeon Crawl Stone Soup version 0.32-a0-931-g5a2cda0630 (webtiles) character file.

Game seed: 12465922454761188258

3007 INTERFACE0 the Summoner (level 9, -1/46 HPs)
             Began as a Deep Elf Summoner on Apr 13, 2024.
             Was a Follower of Sif Muna.
             Shot with an arrow by a centaur (7 damage)
             ... on level 7 of the Dungeon.
             The game lasted 00:42:23 (9507 turns).

INTERFACE0 the Summoner (Deep Elf Summoner)         Turns: 9507, Time: 00:42:26

Health: -1/46      AC:  6    Str:  5    XL:     9   Next: 54%
Magic:  22/25      EV: 13    Int: 25    God:    Sif Muna [*.....]
Gold:   582        SH:  0    Dex: 21    Spells: 9/28 levels left

rFire   . . .        (no weapon)
rCold   . . .        (no shield)
rNeg    . . .        a - +0 robe
rPois   .            (no helmet)
rElec   .            (no cloak)
rCorr   .            (no gloves)
SInv    .            (no boots)
Will    .....        (no amulet)
Stlth   +++          n - +6 ring of dexterity
HPRegen 0.27/turn    t - +4 ring of protection
MPRegen 0.19/turn

%: no passive effects
@: inugami summoned
A: no striking features
a: Renounce Religion, Channel Magic


You were on level 7 of the Dungeon.
You worshipped Sif Muna.
Sif Muna was aware of your devotion.
You visited 2 branches of the dungeon, and saw 8 of its levels.

You collected 582 gold pieces.

Inventory:

Hand Weapons
 B - a +5 dagger of speed
Missiles
 H - 5 poisoned darts
Armour
 a - a +0 robe (worn)
Jewellery
 c - a ring of protection from fire
 j - a ring of fire
 n - a +6 ring of dexterity (left hand)
 q - a ring of positive energy
 t - a +4 ring of protection (right hand)
 F - a ring of wizardry
Talismans
 h - a dragon-blood talisman
Wands
 p - a wand of charming (10)
 A - a wand of iceblast (14)
 C - a wand of flame (27)
 D - a wand of mindburst (10)
 E - a wand of digging (9)
Scrolls
 i - 2 scrolls of immolation
 l - 4 scrolls of revelation
 m - 2 scrolls of fear
 s - a scroll of vulnerability
 u - a scroll of amnesia {unknown}
 w - a scroll of enchant weapon
 y - a scroll of teleportation {unknown}
 z - a scroll of fog {unknown}
 G - a scroll of poison {unknown}
Potions
 d - a potion of invisibility {unknown}
 e - 2 potions of attraction
 f - 6 potions of lignification
 g - a potion of heal wounds {unknown}
 k - 3 potions of curing
 o - a potion of enlightenment {unknown}
 r - 3 potions of brilliance {unknown}
 v - a potion of degeneration {unknown}
 x - a potion of mutation {unknown}


   Skills:
 + Level 0.8 Fighting
 + Level 3.2 Dodging
 + Level 3.7 Stealth
 - Level 0.1 Unarmed Combat
 + Level 10.4 Spellcasting
 * Level 11.5 Summonings
 + Level 1.5 Fire Magic
 + Level 3.3 Air Magic


You had 9 spell levels left.
You knew the following spells:

 Your Spells              Type           Power      Damage    Failure   Level
a - Summon Small Mammal   Summ           100%       N/A       1%          1
b - Call Imp              Summ           100%       N/A       1%          2
c - Call Canine Familiar  Summ           63%        N/A       1%          3
d - Summon Lightning Spi  Summ/Air       50%        N/A       2%          4
e - Summon Blazeheart Go  Fire/Summ      45%        N/A       3%          4
f - Ozocubu's Armour      Ice            13%        N/A       14%         3
g - Ensorcelled Hibernat  Hex/Ice        26%        N/A       7%          2

Your spell library contained the following spells:

 Spells                   Type           Power      Damage    Failure   Level
 Freeze                   Ice            52%        1d6       4%          1
 Cigotuvi's Dreadful Rot  Necr/Alch/Air  36%        N/A       4%          2
 Martyr's Knell           Necr/Summ      41%        N/A       4%          4
 Inner Flame              Hex/Fire       16%        N/A       11%         3
 Fugue of the Fallen      Necr           13%        N/A       14%         3
 Flame Wave               Conj/Fire      16%        2d7       34%         4
 Sticky Flame             Fire/Alch      16%        2d5       34%         4
 Anguish                  Hex/Necr       6%         N/A       43%         4
 Olgreb's Toxic Radiance  Alch           13%        N/A       43%         4
 Alistair's Intoxication  Alch           8%         N/A       78%         5
 Borgnjor's Vile Clutch   Necr/Erth      6%         N/A       78%         5
 Eringya's Noxious Bog    Alch           6%         4d6       100%        6
 Ozocubu's Refrigeration  Ice            6%         4d8       100%        7
 Discord                  Hex            6%         N/A       100%        8


Dungeon Overview and Level Annotations

Branches:
Dungeon (7/15)             Temple (1/1) D:5

Altars:
Ashenzari
Cheibriados
Dithmenos
Elyvilon
Fedhas
Gozag
Hepliaklqana
Kikubaaqudgha
Makhleb
Nemelex Xobeh
Okawaru
Qazlal
Ru
Sif Muna
Trog
Uskayaw
Vehumet
Wu Jian
Xom
Yredelemnul
Zin
The Shining One

Shops:
D:3 [


Message History

It was a scroll of vulnerability.
Your inugami cocks its head sideways at you.
As you read the scroll labelled QOGGYA ERACAC, it crumbles to dust.
It is a scroll of enchant weapon.
Your +4 dagger of speed glows red for a moment.
Okay, then.
l - 4 scrolls of revelation (gained 1)
You now have 582 gold pieces (gained 11).
You feel your willpower return.
An orc comes into view. It is wielding a +0 dagger.
Casting: Call Canine Familiar (safe; 1% risk of failure)
Confirm with . or Enter, or press ? or * to list all spells.
You imbue your familiar with magical energy and its fangs glint viciously.
The orc hits your inugami but does no damage.
Your inugami disappears in a puff of smoke!
Casting: Call Canine Familiar (safe; 1% risk of failure)
Confirm with . or Enter, or press ? or * to list all spells.
You call for your canine familiar and it appears with a howl!
The orc hits you but does no damage. The orc attacks as it pursues you!
The orc hits you with a +0 dagger. The orc attacks as it pursues you!
The orc closely misses you. The orc hits you but does no damage.
Your inugami hits the orc!
The orc dies!
Sif Muna accepts your kill.
You swap places.
Things that are here:
a +0 dagger; a +0 leather armour The centaur shouts!
You hear a shout!
The centaur shoots an arrow.
The arrow hits you! The arrow freezes you.
The centaur shoots an arrow.
The arrow barely misses you.
You hear a shout!
The centaur shoots an arrow.
The arrow hits you! The arrow freezes you.
You swap places.
The centaur shoots an arrow.
The arrow closely misses your inugami. The arrow hits you!
* * * LOW HITPOINT WARNING * * *
The arrow freezes you.
* * * LOW HITPOINT WARNING * * *
The centaur shoots an arrow.
The arrow barely misses your inugami. The arrow hits you!
You die...

.# ###.....#..÷......# .#
#...###......###..## .#
##.#####.#....# ... .###
#..####..##.### .... ...#
###.##..÷.###.# .....
##.###.).#..###....# #.....
##...).###.#....######......
...))#####...######...c.....
####....#...#.).@h....#
######.....)..#####..##
#...........#######.##
.....#####.....#....# ..####
###......<#### .##
#.......### .# ###.#######
.# #...# ## #.###


You could see a centaur (ally target) and a friendly inugami (summoned).

Vanquished Creatures
  A ball python (D:1)
1 creature vanquished.

Vanquished Creatures (collateral kills)
  2 steam dragons (D:7)
  Menkaure (D:4)
  An orc warrior (D:6)
  2 sky beasts (D:7)
  3 black bears
  6 ogres
  An ice beast (D:6)
  3 centaurs (D:6)
  A kobold brigand (D:7)
  Blork the orc (D:5)
  A scorpion (D:6)
  A bullfrog (D:7)
  A howler monkey (D:5)
  9 hounds
  An orc priest (D:4)
  Crazy Yiuf (D:5)
  2 bombardier beetles
  An iguana (D:5)
  Ijyb (D:5)
  Natasha (thrice) (D:4)
  5 orc wizards
  Robin (D:4)
  6 gnolls (D:6)
  6 adders
  A shadow imp (D:6)
  2 white imps
  2 ufetubi (D:6)
  2 ribbon worms (D:4)
  8 dart slugs
  19 orcs
  3 ball pythons
  5 endoplasms
  2 giant cockroaches (D:3)
  13 goblins
  18 hobgoblins
  3 jackals (D:4)
  4 quokkas
  9 bats
  2 frilled lizards (D:1)
  22 kobolds
  8 rats
183 creatures vanquished.

Vanquished Creatures (others)
  A blazeheart core (D:5)
1 creature vanquished.

Grand Total: 185 creatures vanquished

Notes
Turn   | Place    | Note
-------+----------+-------------------------------------------
     0 | D:1      | INTERFACE0 the Deep Elf Summoner began the quest for the
                  | Orb.
     0 | D:1      | Reached XP level 1. HP: 10/10 MP: 6/6
   354 | D:1      | Reached XP level 2. HP: 15/15 MP: 2/8
   376 | D:1      | Learned a level 2 spell: Call Imp
   836 | D:1      | Reached XP level 3. HP: 19/19 MP: 7/10
   845 | D:1      | Learned a level 3 spell: Call Canine Familiar
  1422 | D:2      | Found a faded altar of an unknown god.
  1465 | D:2      | Reached skill level 5 in Summonings
  1808 | D:2      | Reached XP level 4. HP: 23/24 MP: 10/12
  1881 | D:2      | Learned a level 4 spell: Summon Lightning Spire
  1983 | D:2      | You fall into a shaft and drop 1 floor!
  2057 | D:3      | Found a hide-covered altar of Uskayaw.
  2057 | D:3      | Found an iron altar of Okawaru.
  2073 | D:3      | Found an ornate altar of the Wu Jian Council.
  2075 | D:3      | Found a blossoming altar of Fedhas.
  2078 | D:3      | Found a hazy altar of Hepliaklqana.
  2449 | D:3      | Found Godon's Armour Shop.
  2523 | D:3      | Found a white marble altar of Elyvilon.
  3360 | D:4      | Noticed Menkaure
  3372 | D:4      | Killed Menkaure
  3373 | D:4      | Reached skill level 5 in Spellcasting
  3373 | D:4      | Reached skill level 6 in Summonings
  3373 | D:4      | Reached XP level 5. HP: 10/28 MP: 2/14
  3452 | D:4      | Learned a level 4 spell: Summon Blazeheart Golem
  3745 | D:4      | Noticed Natasha
  3767 | D:4      | Killed Natasha
  3768 | D:4      | Reached skill level 1 in Air Magic
  3768 | D:4      | Reached XP level 6. HP: 16/33 MP: 13/16
  3862 | D:4      | Noticed Robin
  3872 | D:4      | Killed Robin
  3952 | D:4      | Noticed Natasha
  3959 | D:4      | Killed Natasha
  4097 | D:4      | Noticed Natasha
  4107 | D:4      | Killed Natasha
  4121 | D:4      | Got Sif Muna's Handbook of Freezing and the End
  4876 | D:4      | Reached skill level 7 in Summonings
  4935 | D:4      | Reached XP level 7. HP: 37/37 MP: 10/19
  5029 | D:4      | Found a shadowy altar of Dithmenos.
  5364 | D:5      | Entered Level 5 of the Dungeon
  5562 | D:5      | Noticed Blork the orc
  5578 | D:5      | Killed Blork the orc
  5581 | D:5      | Reached skill level 8 in Summonings
  5736 | D:5      | Noticed Ijyb
  5748 | D:5      | Killed Ijyb
  5838 | D:5      | Found a runed translucent door.
  5839 | D:5      | Noticed Crazy Yiuf
  5965 | D:5      | Killed Crazy Yiuf
  6051 | D:5      | Reached XP level 8. HP: 41/42 MP: 14/21
  6226 | D:5      | Found a staircase to the Ecumenical Temple.
  6587 | Temple   | Entered the Ecumenical Temple
  6944 | Temple   | Became a worshipper of Sif Muna the Loreminder
  7054 | D:6      | Found a snail-covered altar of Cheibriados.
  7251 | D:6      | Reached skill level 9 in Summonings
  7639 | D:6      | Reached skill level 10 in Summonings
  7663 | D:6      | Reached * piety under Sif Muna
  7664 | D:6      | Reached skill level 1 in Fire Magic
  7682 | D:6      | Reached XP level 9. HP: 46/46 MP: 21/24
  8088 | D:6      | Learned a level 3 spell: Ozocubu's Armour
  8930 | D:6      | Upgraded the game from 0.32-a0-928-g1cae6b7ea0 to
                  | 0.32-a0-931-g5a2cda0630
  9051 | D:7      | Reached skill level 10 in Spellcasting
  9109 | D:7      | Reached skill level 11 in Summonings
  9417 | D:7      | Learned a level 2 spell: Ensorcelled Hibernation
  9507 | D:7      | Shot with an arrow by a centaur

Illustrated notes

Levels and vault maps discovered:
D:1:      dpeg_arrival_castle, layout_basic, st_stairs_10,
          nicolae_houndstooth_variations
D:2:      layout_rooms, hellmonk_ecumenical_altar_leap_of_faith
D:3:      layout_basic, chequers_temple_overflow_minitemple,
          nicolae_elyvilon_peaceful_grove, serial_shops,
          nicolae_shop_rolling_square
D:4:      layout_layer_cave, kennysheep_mini_moat, uniq_robin, uniq_natasha,
          uniq_menkaure
D:5:      layout_loops_ring, minmay_temple_entry_wispy, uniq_crazy_yiuf_cottage,
          uniq_blork_the_orc, uniq_ijyb
D:6:      kennysheep_housing_project, layout_layer_cave,
          mainiacjoe_overflow_paths
D:7:      layout_rooms
Temple:   minmay_temple_curvy_branch

Skill      XL: |  1  2  3  4  5  6  7  8  9 |
---------------+----------------------------+-----
Spellcasting   | 4 5 6 7 9 10 | 10.4
Summonings     | 5 6 7 8 10 11 | 11.5
Air Magic      | 1 2 3 |  3.3
Dodging        | 3 |  3.2
Stealth        | 3 |  3.7
Fire Magic     | 1 |  1.5
Fighting       | |  0.8
Unarmed Combat | |  0.1

Action                     |  1- 3 |  4- 6 |  7- 9 || total
---------------------------+-------+-------+-------++-------
  Melee: Unarmed           |    15 |     9 |       ||    24
   Cast: Summon Small Mamm |    17 |    12 |    13 ||    42
         Call Imp          |    18 |    13 |    16 ||    47
         Call Canine Famil |     5 |    23 |    37 ||    65
         Summon Lightning  |       |     7 |    21 ||    28
         Summon Blazeheart |       |     2 |    11 ||    13
    Use: Scroll            |     1 |     5 |     3 ||     9
         Potion            |       |       |     1 ||     1
 Armour: Robe              |    71 |    46 |    60 ||   177
  Dodge: Dodged            |    75 |    51 |    66 ||   192

Table legend: (Time is in decaauts)
 A = Elapsed time spent in this place.
 B = Non-inter-level travel time spent in this place.
 C = Inter-level travel time spent in this place.
 D = Time resting spent in this place.
 E = Time spent auto-exploring this place.
 F = Levels seen in this place.
 G = Mean time per level.
                   A        B        C        D        E       F      G
               +--------+--------+--------+--------+--------+-----+--------+
         Total |   9527 |   9341 |    186 |    604 |   5058 |   8 | 1190.9 |
       Dungeon |   9134 |   8948 |    186 |    604 |   5058 |   7 | 1304.9 |
        Temple |    392 |    392 |      0 |      0 |      0 |   1 |  392.0 |
               +--------+--------+--------+--------+--------+-----+--------+

Top non-repeatable levels by time:
     D:4: 2011 daAuts
     D:6: 1963 daAuts
     D:1: 1391 daAuts
     D:3: 1365 daAuts
     D:5: 1270 daAuts
     D:2: 616 daAuts
     D:7: 515 daAuts
  Temple: 392 daAuts
